 Dungeon Crawl Stone Soup version 0.29-a0-459-g97dee8cd24 (webtiles) character file.

Game seed: 14630112417199658850

175 happo123 the Magician (level 5, -6/37 HPs)
             Began as a Djinni Earth Elementalist on May 20, 2022.
             Was an Initiate of Hepliaklqana.
             Mangled by a gnoll
             ... wielding a +0 whip
             ... led by a gnoll shaman
              (8 damage)
             ... on level 4 of the Dungeon.
             The game lasted 00:16:55 (1928 turns).

happo123 the Magician (Djinni Earth Elementalist)   Turns: 1928, Time: 00:16:55

Health: -6/37      AC:  4    Str:  7    XL:     5   Next: 86%
Gold:   164        EV: 13    Int: 19    God:    Hepliaklqana [......] SH:  0 Dex: 13

rFire   + + .      SeeInvis .   f - staff of conjuration
rCold   x . .      Faith    .   (no shield)
rNeg    . . .      Spirit   .   b - +0 robe
rPois   ∞          Reflect  .   i - +0 helmet
rElec   .          Harm     .   (no cloak)
rCorr   .          Rampage  .   k - +0 pair of gloves
Will    .....                   (boots unavailable)
Stlth   ++........              (no amulet)
HPRegen 0.12/turn               (no ring)
MPRegen 0.00/turn               (no ring)

@: flying
A: sickness immunity, fire resistance 2, cold vulnerability 1, float, innate
caster, HP casting, extra vitality 1
a: Renounce Religion


You were on level 4 of the Dungeon.
You worshipped Hepliaklqana.
Hepliaklqana was noncommittal.
You visited 1 branch of the dungeon, and saw 4 of its levels.

You collected 164 gold pieces.

Inventory:

Missiles
 a - 22 stones
Armour
 b - a +0 robe (worn)
 i - a +0 helmet (worn)
 k - a +0 pair of gloves (worn)
 m - the +2 chain mail of Least Resistance {Contam Harm Regen+ Str+3}
   (You found it on level 3 of the Dungeon)

   Str:       It affects your strength (+3).
   Contam:    It causes magical contamination when unequipped.
   Regen:     It increases your rate of health regeneration.
   Harm:      It increases damage dealt and taken.
Magical Staves
 f - a staff of conjuration (weapon)
Wands
 l - a wand of acid (4)
Scrolls
 c - 4 scrolls of teleportation {unknown}
 d - 2 scrolls of noise {unknown}
 g - 4 scrolls of identify {unknown}
 j - a scroll of silence {unknown}
Potions
 e - 3 potions of curing {unknown}
 h - 2 potions of haste {unknown}
 n - a potion of brilliance {unknown}
 o - a potion of heal wounds {unknown}


   Skills:
 + Level 1.2 Fighting
 + Level 1.4 Armour
 + Level 3.2 Dodging
 * Level 3.0 Stealth
 * Level 3.2 Spellcasting


You couldn't memorise any spells.
You knew the following spells:

 Your Spells              Type           Power      Damage    Failure   Level
a - Sandblast             Erth           30%        2d9       3%          1
b - Passwall              Tmut/Erth      12%        N/A       6%          2
c - Stone Arrow           Conj/Erth      46%        3d9       12%         3
d - Petrify               Tmut/Erth      15%        N/A       36%         4
e - Shock                 Conj/Air       92%        1d8       3%          1
f - Searing Ray           Conj           46%        2d6       6%          2
Your spell library was empty.

Dungeon Overview and Level Annotations

Branches:
Dungeon (4/15)
 Temple: D:4-7

Altars:
Hepliaklqana


Innate Abilities, Weirdness & Mutations

You are immune to sickness and miasma.
You are immune to poison.
Your flesh is very heat resistant. (rF++)
You are vulnerable to cold. (rC-)
You float through the air rather than walking.
You learn spells naturally, not from books.
Your magical power is your life essence.
You have superior vitality. (+4 MHP)


Message History

* * * LOW HITPOINT WARNING * * *
Aiming: Sandblast (safe; 3% risk of failure)
Press: ? - help, Q - select action, (/) - cycle Shift-Dir - straight line, f/p - gnoll shaman
Aim: a gnoll shaman, wielding a +0 club and wearing a +0 robe (lightly wounded, 82% to hit)
The blast of sand hits the gnoll shaman.
The gnoll shaman is heavily wounded.
* * * LOW HITPOINT WARNING * * *
A gnoll comes into view. It is wielding a +0 spear.
Aiming: Sandblast (safe; 3% risk of failure)
Press: ? - help, Q - select action, (/) - cycle Shift-Dir - straight line, f/p - gnoll shaman
Aim: a gnoll shaman, wielding a +0 club and wearing a +0 robe (heavily wounded, 82% to hit)
The blast of sand hits the gnoll shaman.
The gnoll shaman is heavily wounded.
The gnoll shouts!
* * * LOW HITPOINT WARNING * * *
The gnoll shaman hits you with a +0 club.
* * * LOW HITPOINT WARNING * * *
Aiming: Sandblast (safe; 3% risk of failure)
Press: ? - help, Q - select action, (/) - cycle Shift-Dir - straight line, f/p - gnoll shaman
Aim: a gnoll shaman, wielding a +0 club and wearing a +0 robe (heavily wounded, 82% to hit)
The blast of sand hits the gnoll shaman!
The gnoll shaman is almost dead.
* * * LOW HITPOINT WARNING * * *
The gnoll shaman closely misses you. The gnoll attacks as you move away!
The gnoll closely misses you. The gnoll attacks as you move away!
The gnoll misses you.
The gnoll shaman attacks as you move away!
The gnoll shaman hits you with a +0 club.
* * * LOW HITPOINT WARNING * * *
The gnoll attacks as you move away! The gnoll barely misses you.
The gnoll attacks as you move away! The gnoll closely misses you.
The gnoll shaman calls upon its god to speed up something.
The gnoll shaman prays to its god.
The gnoll shaman is healed somewhat.
There is a stone staircase leading down here.
Casting: Sandblast (safe; 3% risk of failure)
Confirm with . or Enter, or press ? or * to list all spells.
Okay, then.
The gnoll attacks as you move away! The gnoll hits you with a +0 whip!
You die...

#....# #..†<# #
#...##.# .....#.....#
#### #.##### #.# #.#
#.######### #
#@........#
#.#g........#
#.#.........#####
#..>.............
###gg.......#
######......†..#
#...##.........#
###.#.##o........#
####.._o.....######....


You could see a gnoll shaman, 2 gnolls and an orc.

Vanquished Creatures
  A scorpion (D:4)
  An iguana (D:4)
  3 gnolls
  2 worms (D:3)
  5 orcs (D:3)
  7 ball pythons
  4 bats
  4 endoplasms
  2 giant cockroaches
  3 goblins
  A hobgoblin (D:4)
  2 jackals (D:1)
  6 kobolds
  A quokka (D:3)
  3 frilled lizards
  2 rats
47 creatures vanquished.

Notes
Turn   | Place    | Note
-------+----------+-------------------------------------------
     0 | D:1      | happo123 the Djinni Earth Elementalist began the quest for
                  | the Orb.
     0 | D:1      | Reached XP level 1. HP: 15/15 MP: 0/0
    59 | D:1      | Reached XP level 2. HP: 8/21 MP: 0/0
   143 | D:1      | Found a faded altar of an unknown god.
   400 | D:1      | Reached XP level 3. HP: 22/25 MP: 0/0
   400 | D:1      | Learned a level 1 spell: Shock
  1369 | D:3      | Reached XP level 4. HP: 28/31 MP: 0/0
  1406 | D:3      | Identified the +2 chain mail of Least Resistance {Contam
                  | Harm Regen+ Str+3}
  1849 | D:4      | Reached skill level 1 in Armour
  1878 | D:4      | Found a hazy altar of Hepliaklqana.
  1883 | D:4      | Noticed a scorpion
  1890 | D:4      | Killed a scorpion
  1891 | D:4      | Reached skill level 1 in Fighting
  1891 | D:4      | Reached XP level 5. HP: 15/37 MP: 0/0
  1891 | D:4      | Learned a level 2 spell: Searing Ray
  1896 | D:4      | Became a worshipper of Hepliaklqana the Forgotten
  1916 | D:4      | HP: 1/37 [gnoll shaman/+0 club (1)]
  1928 | D:4      | Mangled by a gnoll

Illustrated notes

Levels and vault maps discovered:
D:1:      ncdulo_watergridlock, layout_basic, hellmonk_ecumenical_altar_run_dry
D:2:      layout_loops_ring
D:3:      layout_loops_ring, minivault_24
D:4:      layout_basic, lemuel_crystal_altar, elyvilon_altar_5,
          dk_noncrumbling_4, uniq_blork_the_orc

Skill      XL: |  1  2  3  4  5 |
---------------+----------------+-----
Stealth        | 2 3 |  3.0
Armour         | 1 |  1.4
Dodging        | 3 |  3.2
Spellcasting   | 3 |  3.2
Fighting       | 1 |  1.2

Action                   |  1- 3 |  4- 6 || total
-------------------------+-------+-------++-------
 Cast: Sandblast         |    24 |    28 ||    52
       Shock             |    15 |    15 ||    30
       Stone Arrow       |       |     1 ||     1
Armor: Robe              |     4 |     4 ||     8
Dodge: Dodged            |    10 |     8 ||    18

Table legend: (Time is in decaauts)
 A = Elapsed time spent in this place.
 B = Non-inter-level travel time spent in this place.
 C = Inter-level travel time spent in this place.
 D = Time resting spent in this place.
 E = Time spent auto-exploring this place.
 F = Levels seen in this place.
 G = Mean time per level.
                   A        B        C        D        E       F      G
               +--------+--------+--------+--------+--------+-----+--------+
         Total |   1926 |   1079 |    847 |      0 |    709 |   4 |  481.5 |
       Dungeon |   1926 |   1079 |    847 |      0 |    709 |   4 |  481.5 |
               +--------+--------+--------+--------+--------+-----+--------+

Top non-repeatable levels by time:
     D:3: 730 daAuts
     D:2: 558 daAuts
     D:1: 551 daAuts
     D:4: 85 daAuts
